 Dungeon Crawl Stone Soup version 0.29.1-2-gbd0b4ee654 (webtiles) character file.

Game seed: 1973822634658928701

2787 safid the Skirmisher (level 9, -1/81 HPs)
             Began as a Minotaur Hunter on Oct 25, 2022.
             Slain by a boulder beetle (24 damage)
             ... on level 7 of the Dungeon.
             The game lasted 00:08:45 (6696 turns).

safid the Skirmisher (Minotaur Hunter)              Turns: 6696, Time: 00:08:45

Health: -1/81      AC: 10    Str: 16    XL:     9   Next: 43%
Magic:  0/8        EV: 10    Int:  1    God:
Gold:   265        SH:  0    Dex: 20    Spells: 8/8 levels left

rFire   . . .      SeeInvis .   e - +2 longbow (freeze)
rCold   . . .      Faith    .   (shield currently unavailable)
rNeg    . . .      Spirit   +   h - +0 scale mail
rPois   .          Reflect  .   (helmet restricted)
rElec   .          Harm     .   (no cloak)
rCorr   .          Rampage  .   (no gloves)
Will    ++...                   (no boots)
Stlth   +.........              b - amulet of guardian spirit
HPRegen 0.23/turn               m - ring "Axaitasis" {Will+ AC+4 Int-5 Dex+2}
MPRegen 0.11/turn               q - ring of willpower

@: no status effects
A: horns 2, retaliatory headbutt
a: no special abilities


You were on level 7 of the Dungeon.
You visited 2 branches of the dungeon, and saw 8 of its levels.

You collected 319 gold pieces.
You spent 54 gold pieces at shops.

Inventory:

Hand Weapons
 e - a +2 longbow of freezing (weapon)
Missiles
 C - a throwing net
Armour
 h - a +0 scale mail (worn)
Jewellery
 b - an amulet of guardian spirit (around neck)
 m - the ring "Axaitasis" (left hand) {Will+ AC+4 Int-5 Dex+2}
   (You found it on level 3 of the Dungeon)

   [ring of protection]

   AC:        It affects your AC (+4).
   Int:       It affects your intelligence (-5).
   Dex:       It affects your dexterity (+2).
   Will:      It increases your willpower.
 q - a ring of willpower (right hand)
Wands
 t - a wand of mindburst (14)
 w - a wand of flame (29)
 B - a wand of iceblast (7)
Scrolls
 a - 2 scrolls of enchant weapon
 c - a scroll of amnesia
 l - a scroll of enchant armour {unknown}
 n - 2 scrolls of butterflies
 o - 3 scrolls of teleportation
 p - a scroll of brand weapon {unknown}
 r - 2 scrolls of poison
 v - 2 scrolls of blinking {unknown}
 x - 2 scrolls of identify
 y - a scroll of magic mapping {unknown}
Potions
 d - 2 potions of attraction
 f - a potion of resistance {unknown}
 g - 2 potions of curing {unknown}
 i - a potion of berserk rage {unknown}
 j - 3 potions of brilliance
 k - a potion of lignification {unknown}
 s - a potion of magic {unknown}
 u - a potion of invisibility {unknown}
 z - 2 potions of heal wounds {unknown}
 A - a potion of mutation {unknown}


   Skills:
 - Level 8.0 Fighting
 + Level 13.1 Ranged Weapons
 - Level 2.1 Dodging
 - Level 0.7 Stealth


You had 8 spell levels left.
You didn't know any spells.
Your spell library was empty.

Dungeon Overview and Level Annotations

Branches:
Dungeon (7/15)             Temple (1/1) D:6

Altars:
Ashenzari
Dithmenos
Gozag
Hepliaklqana
Kikubaaqudgha
Makhleb
Nemelex Xobeh
Qazlal
Ru
Uskayaw
Wu Jian
Xom
Zin
The Shining One

Shops:
D:3 (


Innate Abilities, Weirdness & Mutations

You have a pair of horns on your head.
You reflexively headbutt those who attack you in melee.


Message History

The boulder beetle bites you.
You shoot an arrow. The arrow hits the boulder beetle!
The arrow freezes the boulder beetle.
The boulder beetle is heavily wounded.
The boulder beetle barely misses you.
The boulder beetle bites you but does no damage.
You shoot an arrow. The arrow hits the boulder beetle.
The arrow freezes the boulder beetle.
The boulder beetle is severely wounded.
The boulder beetle misses you.
You shoot an arrow. The arrow hits the boulder beetle!
The arrow freezes the boulder beetle.
The boulder beetle is almost dead.
The boulder beetle leaps!
No target in view!
A boulder beetle is nearby!
You shoot an arrow. The arrow hits the boulder beetle.
The arrow freezes the boulder beetle.
The boulder beetle is almost dead.
The boulder beetle curls into a ball and begins rolling!
You shoot an arrow.
The arrow barely misses the boulder beetle.
The boulder beetle hits you!!
The boulder beetle stops rolling and uncurls.
You shoot an arrow. The arrow hits the boulder beetle.
The arrow freezes the boulder beetle.
The boulder beetle is almost dead.
The boulder beetle bites you!!
* * * LOW HITPOINT WARNING * * *
You are too injured to fight recklessly!
You are too injured to fight recklessly!
Unknown command.
Fire: e) +2 longbow (freeze)
Press: ? - help, Q - select action, (/) - cycle Shift-Dir - straight line, f/p - boulder beetle
Aim: a boulder beetle (almost dead, 92% to hit)
You shoot an arrow.
The arrow hits the boulder beetle but does no damage.
The boulder beetle is almost dead.
The boulder beetle bites you!!
You die...

#....# #...# #.#
###.## ###.# #.# #.#
#...# #.# .###.##
#.#.# #.# ......#
#.#.# #.# .###..#
#.#.# #.# .# #..# #
#.#.# #.#
.###..######.#.#.###
#.#
.............#..@B.#
#.#
..##..######.#.###.#
#.# ..##..# ... .#
#.# ..##..# #+# .#
#.# ))....# $! .#
#.# .###.## #$ .#
#.# .###.## ## !#
#.# ..##..# .# #.#
.###..# #.#


You could see a boulder beetle.

Vanquished Creatures
  Pikel (D:5)
  4 black bears
  An ice beast (D:6)
  2 centaurs (D:6)
  A phantom (D:4)
  Blork the orc (D:6)
  3 bullfrogs
  3 scorpions
  5 wights (D:7)
  5 killer bees
  2 jellies (D:5)
  A hound (D:4)
  An orc priest (D:3)
  A gnoll bouda (D:7)
  3 iguanas
  Natasha (D:2)
  9 orc wizards
  7 gnolls
  3 adders
  A white imp (D:7)
  An ufetubus (D:5)
  A worm (D:3)
  A dart slug (D:1)
  22 orcs
  15 endoplasms
  2 giant cockroaches
  8 goblins
  8 hobgoblins
  2 jackals (D:2)
  3 quokkas
  11 ball pythons
  8 bats
  4 frilled lizards
  5 kobolds
  6 rats
152 creatures vanquished.

Notes
Turn   | Place    | Note
-------+----------+-------------------------------------------
     0 | D:1      | safid the Minotaur Hunter began the quest for the Orb.
     0 | D:1      | Reached XP level 1. HP: 18/18 MP: 0/0
    59 | D:1      | Found a faded altar of an unknown god.
   242 | D:1      | Reached XP level 2. HP: 26/26 MP: 1/1
   988 | D:2      | Reached XP level 3. HP: 31/31 MP: 2/2
  1007 | D:2      | Reached skill level 5 in Ranged Weapons
  1039 | D:2      | Noticed Natasha
  1048 | D:2      | Killed Natasha
  1375 | D:2      | Found an ornate altar of the Wu Jian Council.
  1386 | D:2      | Reached XP level 4. HP: 39/40 MP: 3/3
  2357 | D:3      | Noticed a black bear
  2363 | D:3      | Reached XP level 5. HP: 41/47 MP: 4/4
  2364 | D:3      | Killed a black bear
  2365 | D:3      | Reached skill level 5 in Fighting
  2365 | D:3      | Reached skill level 6 in Ranged Weapons
  2612 | D:3      | Found Vuat Gea's Weapon Shop.
  2629 | D:3      | Bought a +0 arbalest for 54 gold pieces
  2703 | D:3      | Identified the ring "Axaitasis" {Will+ AC+4 Int-5 Dex+2}
  3083 | D:4      | Reached XP level 6. HP: 57/57 MP: 5/5
  3172 | D:4      | Found a shimmering altar of Xom.
  3263 | D:4      | Reached skill level 7 in Ranged Weapons
  3398 | D:4      | Found a glowing golden altar of the Shining One.
  3527 | D:4      | Reached XP level 7. HP: 56/64 MP: 6/6
  3762 | D:5      | Entered Level 5 of the Dungeon
  3779 | D:5      | Noticed Pikel
  4003 | D:4      | Reached skill level 8 in Ranged Weapons
  4172 | D:5      | Killed Pikel
  4173 | D:5      | Reached skill level 9 in Ranged Weapons
  4173 | D:5      | Reached XP level 8. HP: 55/74 MP: 5/7
  4369 | D:5      | Reached skill level 10 in Ranged Weapons
  4922 | D:5      | Identified a scroll of acquirement
  4923 | D:5      | Acquired a +2 longbow of freezing
  5015 | D:6      | Noticed Blork the orc
  5017 | D:6      | Killed Blork the orc
  5018 | D:6      | Reached skill level 11 in Ranged Weapons
  5143 | D:6      | Reached XP level 9. HP: 81/81 MP: 8/8
  5185 | D:6      | Reached skill level 12 in Ranged Weapons
  5224 | D:6      | Found a staircase to the Ecumenical Temple.
  5242 | D:6      | Found a glowing silver altar of Zin.
  5808 | Temple   | Entered the Ecumenical Temple
  6371 | D:7      | Reached skill level 13 in Ranged Weapons
  6677 | D:7      | Noticed a boulder beetle
  6696 | D:7      | Slain by a boulder beetle

Illustrated notes

Levels and vault maps discovered:
D:1:      heliophobic_arrival_henge, layout_loops_corners,
          shapermc_ecumenical_altar_mp_urbaneastern
D:2:      layout_basic, basic_altar, uniq_natasha
D:3:      layout_loops_corners, serial_shops, nicolae_square_shop
D:4:      layout_basic, lemuel_doored_altar, mainiacjoe_overflow_alcove_1
D:5:      layout_rooms, uniq_pikel
D:6:      layout_cave_pods, zin_statuary, temple_doors_e, uniq_blork_the_orc
D:7:      layout_loops_ring, gammafunk_temple_overflow_wave, wad_mini_maze
Temple:   bh_familiar_temple

Skill      XL: |  1  2  3  4  5  6  7  8  9 |
---------------+----------------------------+-----
Fighting       | 3 4 5 6 8 |  8.0
Ranged Weapons | 5 6 7 9 11 13 | 13.1
Dodging        | |  2.1
Stealth        | |  0.7

Action                   |  1- 3 |  4- 6 |  7- 9 || total
-------------------------+-------+-------+-------++-------
Melee: Shortbow          |       |     2 |       ||     2
 Fire: Shortbow          |    93 |    76 |       ||   169
       Arbalest          |       |    66 |    94 ||   160
       Longbow           |       |       |    91 ||    91
  Use: Scroll            |       |       |     9 ||     9
Armor: Leather armour    |     1 |       |       ||     1
       Scale mail        |    10 |    42 |   106 ||   158
Dodge: Dodged            |    27 |    44 |    78 ||   149
